AoeStats
← Natamoko

Lombardia

509957717Analyzed
2v2 RM · 4d ago on Sep 28, 2026· 42m 25s· 4 players
Game mode
Random Map
Map size
Medium (4 player)
Population
200
Speed
Normal
Resources
Standard
Victory
Conquest
Starting age
Dark Age
Ending age
Imperial Age
RankedLock teamsTeams togetherTeam positionsShared explorationLock speedFull tech treeHidden civsTurbo modeCheats
Victory
Defeat
🇪🇸 Cumans · Spain
1005
+13
🇪🇸 Varangians · Spain
865
+19
🇪🇸 Franks · Spain
939
-16
🇪🇸 Spanish · Spain
924
-16
Natamoko
6:17 Loom
10:07 Feudal Age
10:37 Double-Bit Axe
13:39 Scale Barding Armor
15:20 Forging
21:34 Castle Age
19:59 Horse Collar
21:17 Fletching
21:27 Padded Archer Armor
23:03 Bow Saw
22:56 Heavy Plow
23:19 Chain Barding Armor
25:11 Iron Casting
27:51 Wheelbarrow
27:14 Bodkin Arrow
30:48 Bloodlines
30:39 Husbandry
36:04 Leather Archer Armor
37:39 Hand Cart
Dieguetón
4:09 Loom
10:06 Feudal Age
11:26 Double-Bit Axe
15:08 Forging
19:17 Scale Barding Armor
24:30 Castle Age
23:25 Stone Mining
24:56 Gold Mining
26:15 Wheelbarrow
25:49 Husbandry
26:06 Bow Saw
25:54 Town Watch
31:21 Hand Cart
32:37 Iron Casting
32:24 Chain Barding Armor
the king chino
13:13 Feudal Age
17:22 Castle Age
15:46 Double-Bit Axe
25:44 Gambesons
26:43 Squires
29:01 Forging
28:51 Scale Mail Armor
29:12 Pikeman
32:26 Iron Casting
35:05 Chain Mail Armor
34:58 Scale Barding Armor
35:37 Vendel Legacy
36:57 Horse Collar
38:35 Gold Mining
44:12 Imperial Age
Requejo
10:45 Feudal Age
12:02 Double-Bit Axe
17:33 Loom
24:31 Castle Age
23:22 Bloodlines
23:30 Gold Mining
23:54 Stone Mining
25:07 Wheelbarrow
24:58 Forging
24:35 Horse Collar
26:43 Scale Barding Armor
27:52 Iron Casting
27:38 Squires
31:24 Hand Cart
30:55 Town Watch
31:12 Steppe Husbandry
33:03 Gold Shaft Mining
32:52 Chain Barding Armor
39:21 Imperial Age
40:01 Elite Steppe Lancer
41:36 Plate Barding Armor
42:02 Blast Furnace
Connection lost

Rejoining the realm…

Still unreachable

The connection could not be restored.

Session expired

The server has moved on; the page needs a fresh start.